 Dungeon Crawl Stone Soup version 0.20.1-1-g8b1a95d (webtiles) character file.

55 Reinor the Ducker (level 3, 0/16 HPs)
             Began as a Spriggan Earth Elementalist on July 7, 2017.
             Slain by a jackal (2 damage)
             ... on level 2 of the Dungeon.
             The game lasted 00:06:54 (2230 turns).

Reinor the Ducker (Spriggan Earth Elementalist)     Turns: 2230, Time: 00:06:54

Health: 0/16       AC:  2    Str:  4    XL:     3   Next: 67%
Magic:  1/9        EV: 20    Int: 17    God:
Gold:   63         SH:  0    Dex: 16    Spells: 3/9 levels left

rFire    . . .     SeeInvis +   g - -1 dagger (curse)
rCold    . . .     Gourm    .   (shield restricted)
rNeg     . . .     Faith    .   c - +0 robe
rPois    .         Spirit   .   (helmet restricted)
rElec    .         Reflect  .   (no cloak)
rCorr    .         Harm     .   (gloves unavailable)
MR       .....                  (boots unavailable)
Stlth    ++........             (no amulet)
Regen    0.1/turn               h - ring of flight
MPRegen  0.2/turn               (no ring)

@: very slightly contaminated, very quick
A: unfitting armour, see invisible, herbivore 3, speed 3, slow metabolism 2
a: Evoke Flight


You were on level 2 of the Dungeon.
You were not hungry.

You visited 1 branch of the dungeon, and saw 2 of its levels.

You collected 63 gold pieces.

Inventory:

Hand Weapons
 f - a +3 hunting sling of freezing
 g - a cursed -1 dagger (weapon)
Armour
 c - a +0 robe (worn)
Jewellery
 h - a ring of flight (left hand)
Scrolls
 a - a scroll of identify
 i - a scroll of blinking
 k - 2 scrolls of teleportation
Potions
 j - a potion of heal wounds
 m - a potion of brilliance {unknown}
 n - a potion of degeneration {unknown}
Books
 e - a book of Geomancy

   Spells                             Type                      Level
   a - Sandblast                      Earth                        1
   b - Passwall                       Transmutation/Earth          2
   c - Stone Arrow                    Conjuration/Earth            3
   d - Petrify                        Transmutation/Earth          4
   e - Lee's Rapid Deconstruction     Earth                        5
Comestibles
 d - a bread ration


   Skills:
 + Level 4.4 Dodging
 - Level 3.0 Stealth
 + Level 3.6 Spellcasting
 - Level 1.3 Transmutations
 + Level 3.1 Earth Magic


You had 3 spell levels left.
You knew the following spells:

 Your Spells              Type           Power        Failure   Level  Hunger
a - Sandblast             Erth           ##....       4%          1    None
b - Passwall              Tmut/Erth      ##........   10%         2    ##.....
c - Stone Arrow           Conj/Erth      #.....       26%         3    ###....


Dungeon Overview and Level Annotations

Branches:
Dungeon (2/15)

Altars:


Innate Abilities, Weirdness & Mutations

You are very small and have problems with some larger weapons.
You are too small for most types of armour.
You have supernaturally acute eyesight. (SInv)
You are a herbivore.
You cover ground extremely quickly.
You need consume almost no food.


Message History

The jackal misses you. The quokka barely misses you.
The jackal completely misses you. The jackal misses you.
The quokka completely misses you. The jackal closely misses you. x2
The quokka barely misses you. The jackal closely misses you.
The jackal completely misses you. The quokka closely misses you.
The jackal completely misses you. The jackal closely misses you.
The jackal bites you but does no damage.
The quokka misses you. The jackal bites you. The jackal bites you.
The jackal completely misses you. The quokka closely misses you.
The jackal closely misses you. The jackal closely misses you.
The quokka completely misses you.
The jackal bites you but does no damage.
The jackal barely misses you. The quokka misses you. The jackal bites you.
The jackal barely misses you. The quokka bites you.
* * * LOW HITPOINT WARNING * * *
The jackal closely misses you. The jackal completely misses you.
The jackal bites you.
You die...

... ...... ##'##
####+# ##†..##
##.)...## #.......#
#.......# #....hK.#
##..rhh## ##..@##
###################
...#.......#...#
#......##...#.##
#....§§.####..#
#§§§§§.§# ##.#
#§§§§§§§# #...
#§§§§§§§# #.>.
#.§§§§§§# #...


You could see a quokka, 3 jackals and a kobold.

Vanquished Creatures
  An ooze (D:1)
  2 worms (D:2)
  A dart slug (D:1)
  3 ball pythons
  3 giant cockroaches
  3 goblins
  9 hobgoblins
  4 jackals
  5 kobolds (D:1)
  A quokka (D:2)
  A bat (D:1)
  2 frilled lizards (D:1)
  3 rats
38 creatures vanquished.

Notes
Turn   | Place    | Note
-------+----------+-------------------------------------------
     0 | D:1      | Reinor the Spriggan Earth Elementalist began the quest for the Orb.
     0 | D:1      | Reached XP level 1. HP: 9/9 MP: 5/5
   111 | D:1      | Reached XP level 2. HP: 6/13 MP: 1/7
   151 | D:1      | Learned a level 2 spell: Passwall
  1022 | D:1      | Reached XP level 3. HP: 16/16 MP: 8/8
  1027 | D:1      | Learned a level 3 spell: Stone Arrow
  1147 | D:1      | Reached skill level 4 in Dodging
  2230 | D:2      | Slain by a jackal

Skill      XL: |  1  2  3 |
---------------+----------+-----
Spellcasting   | 3 |  3.6
Earth Magic    | 3 |  3.1
Dodging        | 4 |  4.4
Stealth        | |  3.0
Transmutations | |  1.3

Action                   || total
-------------------------++-------
Melee: Dagger            ||   153
       Unarmed           ||     5
 Cast: Sandblast         ||    31
       Passwall          ||     5
  Use: Scroll            ||     5
 Stab: Sleeping          ||    11
Armor: Robe              ||    21
Dodge: Dodged            ||   172
